 Dungeon Crawl Stone Soup version 0.20-a0-210-gd6c29eb (webtiles) character file.

288551 Lochraine the Warrior (level 19, 0/157 HPs)
             Began as a Demonspawn Abyssal Knight on Nov 25, 2016.
             Was the Champion of Lugonu.
             Slain by a fire elemental (3 damage)
             ... led by Azrael
             ... on level 2 of the Elven Halls on Nov 26, 2016.
             The game lasted 02:39:11 (39119 turns).

Lochraine the Warrior (Demonspawn Abyssal Knight)  Turns: 39119, Time: 02:39:12

Health: 0/157      AC: 35    Str: 21    XL:     19   Next: 89%
Magic:  26/28      EV: 22    Int: 20    God:    Lugonu [******]
Gold:   3102       SH: 16    Dex: 19    Spells: 18/18 levels left

rFire  + + .     SeeInvis +     b - +4 demon trident (elec)
rCold  + . .     Gourm    .     h - +3 ring mail of Springtime {rElec rN+ Int+4}
rNeg   + + +     Faith    .     y - +2 shield of the Orb Guardian {rPois rN++ MR-}
rPois  +         Spirit   .     W - +2 helmet {SInv}
rElec  +         Reflect  .     f - +0 cloak {MR+}
rCorr  +         Harm     .     (gloves unavailable)
MR     +....                    Y - +4 pair of boots of Honour {Str+4 Dex+3}
Stlth  ++++++....               p - amulet of regeneration
                                C - ring of protection from fire
                                z - +6 ring of protection

@: resistant, sanguine armour, very slightly contaminated, non-regenerating,
mildly diseased
A: claws 3, blink, clever 1, demonic guardian 1, mutation resistance 1,
nightstalker 3, sanguine armour 2
}: 2/15 runes: decaying, serpentine
a: Blink, Depart the Abyss, Bend Space, Banish, Corrupt, Enter the Abyss, Brand
Weapon With Distortion, Renounce Religion


You were on level 2 of the Elven Halls.
You worshipped Lugonu.
Lugonu was exalted by your worship.
You were near starving.

You visited 6 branches of the dungeon, and saw 33 of its levels.
You visited the Abyss 2 times.

You collected 4535 gold pieces.
You spent 1433 gold pieces at shops.

Inventory:

Hand Weapons
 a - the +7 hand crossbow "Haedghos" {flame, Str+2}
   (You bought it in a shop on level 1 of the Elven Halls)

   It causes projectiles fired from it to burn those they strike, causing extra
   injury to most foes and up to half again as much damage against particularly
   susceptible opponents.
   It affects your strength (+2).
 b - a +4 demon trident of electrocution (weapon)
Armour
 f - a +0 cloak of magic resistance (worn)
 h - the +3 ring mail of Springtime (worn) {rElec rN+ Int+4}
   (You found it on level 3 of the Swamp)

   It affects your intelligence (+4).
   It insulates you from electricity.
   It protects you from negative energy.
 y - the +2 shield of the Orb Guardian (worn) {rPois rN++ MR-}
   (You acquired it on level 2 of the Elven Halls)

   It protects you from poison.
   It greatly protects you from negative energy.
   It affects your resistance to hostile enchantments.
 W - a +2 helmet of see invisible (worn)
 Y - the +4 pair of boots of Honour (worn) {Str+4 Dex+3}
   (You found it on level 3 of the Abyss)

   It affects your strength (+4).
   It affects your dexterity (+3).
Jewellery
 j - an uncursed ring of flight
 p - an amulet of regeneration (around neck)
 u - the ring of the Tempest {rCorr Dex+7}
   (You found it on level 3 of the Lair of Beasts)

   [ring of resist corrosion]

   It affects your dexterity (+7).
 z - a +6 ring of protection (left claw)
 C - a ring of protection from fire (right claw)
 P - the ring of Panentheism {Ice Str+2 Dex-4 Stlth+}
   (You found it on level 6 of the Lair of Beasts)

   [ring of ice]

   It enhances your ice magic.
   It affects your strength (+2).
   It affects your dexterity (-4).
   It makes you vulnerable to fire.
   It protects you from cold.
   It makes you more stealthy.
Wands
 l - a wand of digging (0/24)
 q - a wand of iceblast (0/15)
 r - a wand of lightning (3/15)
 s - a wand of confusion (30/48)
 t - a wand of lightning (1/15)
 B - a wand of heal wounds (2/9)
 D - a wand of enslavement (12/24)
 L - a wand of polymorph (5/24)
 O - a wand of confusion (17/48)
 U - a wand of acid (8/15)
Scrolls
 d - 6 scrolls of immolation
 e - 9 scrolls of identify
 i - 12 scrolls of remove curse
 m - a scroll of recharging
 o - 6 scrolls of fog
 E - a scroll of amnesia
 J - 5 scrolls of fear
 K - 4 scrolls of magic mapping
 T - 7 scrolls of teleportation
 X - 3 scrolls of blinking
Potions
 v - 5 potions of curing
 w - 2 potions of magic
 A - 2 potions of ambrosia
 F - 2 potions of agility
 M - a potion of heal wounds
 N - 8 potions of lignification
 Q - 2 potions of cancellation
 R - a potion of berserk rage
 S - 2 potions of cure mutation
 V - a potion of might
Miscellaneous
 x - 2 boxes of beasts
Comestibles
 c - 21 bread rations
 n - 12 fruits
 G - 14 royal jellies
 I - 14 meat rations


   Skills:
 + Level 15.7 Fighting
 - Level 14.3 Polearms
 - Level 10.0 Crossbows
 - Level 9.5 Armour
 - Level 14.0 Dodging
 - Level 6.0 Stealth
 - Level 15.1 Shields
 - Level 12.8 Invocations
 - Level 6.3 Evocations


You had 18 spell levels left.
You didn't know any spells.

Dungeon Overview and Level Annotations

Branches:
Dungeon (15/15)            Temple (0/1) D:4            Lair (6/6) D:10
  Swamp (4/4) Lair:4        Snake (4/4) Lair:2        Slime (0/5) Lair:5
    Orc (2/2) D:12            Elf (2/3) Orc:2        Vaults (0/5) D:14
 Depths (0/5) D:15

Altars:
Ashenzari
Dithmenos
Elyvilon
Gozag
Hepliaklqana
Kikubaaqudgha
Makhleb
Okawaru
Qazlal
Trog
Uskayaw
Vehumet
Xom
Yredelemnul
The Shining One
Beogh

Shops:
D:8 [   D:9 (   Orc:2 [!*(   Elf:1 (

Annotations:
D:3 KristoblXynda's ghost, amateur DrGl
D:7 murphy's ghost, novice TrWn
D:15 exclusion: Roxanne, Roxanne
Lair:5 exclusion: 4 oklob plants
Orc:2 corrupted
Abyss:1 Bai Suzhen; Erica


Innate Abilities, Weirdness & Mutations

You have claws for hands.
A weak demonic guardian rushes to your aid.
You are completely attuned to the shadows.
When seriously injured, your bleeding wounds create thick armour. (AC +9)
You can translocate small distances at will.
Your mind is acute. (Int +2)
You are somewhat resistant to further mutation.


Message History

A red devil comes into view. It is wielding a trident of venom.
You pass through the gate.
Welcome back to the Elven Halls!
The hell hound barks! x2; You hear a shout!
The fire elemental hits you. The fire elemental burns you! You resist.
* * * LOW HITPOINT WARNING * * *
The hell hound barely misses you.
The long sword of distortion closely misses you.
The hell hound bites you.
* * * LOW HITPOINT WARNING * * *
The fire elemental closely misses you. You block the hell hound's attack.
The long sword of distortion hits you!
* * * LOW HITPOINT WARNING * * *
Space warps horribly around you!
* * * LOW HITPOINT WARNING * * *
The fire elemental barely misses you.
The hell hound bites you but does no damage.
You block the fire elemental's attack. The fire elemental hits you.
The fire elemental burns you! You resist.
You die...

.............. ..............
.................
.......#..........
.........###......... e...§...##
##........ ....§....###.........
...EEE.§..#..........
§§Eh@h§.........(()).
..##.(.##...##....[##
##.####.####...))# ### ###
#####).
############################ #''
#..........................####..
#..........................##....
#..................<.......##....
#..........................##'###


You could see a deep elf knight, 4 fire elementals, 2 hell hounds and a long
sword of distortion.

Vanquished Creatures
  Nikola (Snake:1)
  Jorgrun (Elf:2)
  A tentacled monstrosity (Swamp:4)
  A deep elf blademaster (Elf:2)
  6 tentacled starspawn (Abyss:3)
  Kirke (D:15)
  Gastronok (Orc:1)
  A thorn hunter (Swamp:4)
  13 nagarajas
  Aizul (Swamp:3)
  A deep elf sorcerer (Elf:2)
  A ghost moth (shapeshifter) (D:15)
  A draconian stormcaller (Abyss:3)
  An ironheart preserver (D:14)
  3 very ugly things (Abyss:3)
  A reaper (Abyss:3)
  Nessos (Orc:2)
  A deep elf demonologist (Elf:1)
  A lorocyproca (Abyss:3)
  A black draconian (Abyss:3)
  2 deep elf annihilators (Elf:2)
  Azrael (Elf:2)
  The ghost of KristoblXynda the Basher, a journeyman MiHu of Okawaru (Lair:5)
  A blizzard demon (Abyss:3)
  A deep elf high priest (Elf:1)
  Harold (D:11)
  A great orb of eyes (Abyss:3)
  28 naga warriors
  4 vault guards (D:14)
  2 ghost crabs
  19 hydras
  5 alligators
  19 dancing weapons
  9 anacondas
  A catoblepas (Lair:6)
  A tengu warrior (D:15)
  6 centaur warriors
  A hell hog (shapeshifter) (D:15)
  6 death yaks (Lair:6)
  A hell hog (Abyss:3)
  2 orc high priests (Orc:2)
  7 thrashing horrors (Abyss:3)
  A deep troll shaman (Lair:6)
  14 naga sharpshooters
  8 shock serpents
  5 wretched stars (Abyss:3)
  A sun demon (Abyss:3)
  5 salamander mystics
  A golden dragon zombie (D:15)
  14 deep elf knights
  A skeletal warrior (D:15)
  A flayed ghost (Abyss:3)
  3 spatial maelstroms (Abyss:3)
  A spriggan druid (Swamp:2)
  An unseen horror (D:14)
  8 naga ritualists
  A deep troll (shapeshifter) (D:15)
  3 hill giants (D:14)
  10 starcursed masses (Abyss:3)
  Pikel (D:8)
  5 swamp dragons (Swamp:4)
  2 shambling mangroves (Swamp:4)
  10 mana vipers
  An orc knight (D:15)
  A shining eye (Abyss:3)
  19 deep elf archers
  6 ugly things
  4 orc sorcerers
  A necromancer (D:15)
  38 deep elf magi
  A tengu skeleton (D:15)
  21 salamanders
  14 elephants
  3 manticores
  5 guardian serpents
  2 worldbinders (Abyss:3)
  A fire giant skeleton (Abyss:3)
  24 naga magi
  3 centaur skeletons (D:14)
  An orange demon (Abyss:3)
  33 black mambas
  A gargoyle (D:14)
  An apocalypse crab (Abyss:3)
  A titan simulacrum (Abyss:3)
  8 spiny frogs
  5 smoke demons (Abyss:3)
  4 rime drakes
  A kobold demonologist (D:13)
  A rime drake (shapeshifter) (Abyss:3)
  7 komodo dragons
  An efreet (D:14)
  An ice devil (Abyss:3)
  A meliai (shapeshifter) (D:11)
  2 polar bears
  4 ancient zymes (Abyss:3)
  A guardian mummy (D:15)
  A harpy zombie (Abyss:3)
  2 queen bees
  A two-headed ogre (D:9)
  19 raiju (Abyss:3)
  5 hornets
  6 trolls
  10 bog bodies
  6 slime creatures
  18 blink frogs
  An ettin zombie (Abyss:3)
  3 tyrant leeches
  4 dream sheep (Lair:6)
  12 hippogriffs
  8 flying skulls (Abyss:3)
  6 air elementals
  A tarantella (shapeshifter) (Abyss:3)
  3 wyverns
  2 spriggans (Swamp:2)
  4 ynoxinuls (Abyss:3)
  An elf zombie (D:15)
  A wraith (D:12)
  2 vampires
  3 shadows
  Eustachio (D:5)
  A hog (D:15)
  4 water elementals
  6 basilisks
  49 yaks
  5 golden eyes (Abyss:3)
  A fire elemental (Elf:1)
  A hungry ghost (D:14)
  29 vampire mosquitoes
  2 chaos spawn (Abyss:3)
  53 nagas
  2 neqoxecs (Abyss:3)
  2 wargs (D:10)
  2 spatial vortices (Abyss:3)
  11 large abominations (Abyss:3)
  A soldier ant (D:8)
  An acid dragon (D:15)
  11 water moccasins
  16 swamp worms
  7 porcupines
  A hornet zombie (D:14)
  20 orc warriors
  2 black bears
  A snapping turtle zombie (Abyss:3)
  5 ice beasts
  2 sky beasts
  10 ogres
  11 swamp drakes
  3 phantoms
  A necrophage (D:12)
  18 wolves
  13 centaurs
  12 crocodiles
  5 big kobolds
  2 wyvern zombies
  15 bullfrogs
  5 earth elementals
  9 small abominations (Abyss:3)
  3 scorpions
  47 killer bees
  12 wights
  6 howler monkeys
  2 electric eels
  5 crimson imps
  4 quasits
  5 hounds
  An iron imp (Abyss:3)
  23 orc priests
  4 jellies
  A bullfrog zombie (D:13)
  15 orc wizards
  3 bullfrog skeletons
  2 iguanas
  Ijyb (D:3)
  6 worker ants
  A killer bee zombie (D:5)
  A hound skeleton (D:7)
  A howler monkey zombie (D:9)
  A worker ant zombie (D:10)
  6 gnolls
  8 adders
  5 shadow imps
  An ufetubus (Abyss:3)
  An ooze (D:1)
  3 adder skeletons
  2 worms
  2 leopard geckos
  90 orcs
  2 ball pythons
  4 giant cockroaches
  6 goblins
  12 hobgoblins
  4 quokkas
  7 bats
  4 frilled lizards
  24 kobolds
  9 rats
  A lurking horror (Abyss:3)
  3 starspawn tentacles (Abyss:3)
1268 creatures vanquished.

Vanquished Creatures (collateral kills)
  A deep elf demonologist (Elf:1)
  3 hydras
  A thrashing horror (Abyss:3)
  A naga sharpshooter (Snake:3)
  A sixfirhy (Abyss:3)
  A deep elf archer (Elf:1)
  A flayed ghost (D:15)
  2 deep elf magi (Elf:2)
  A salamander (Snake:3)
  A stone giant skeleton (D:15)
  A spiny frog (Lair:3)
  A rime drake (Lair:2)
  A hornet (Swamp:2)
  A bog body (Swamp:3)
  A hippogriff (Lair:2)
  2 slime creatures
  3 blink frogs
  3 yaks
  A spriggan (Swamp:2)
  2 hogs (D:15)
  2 basilisks
  2 nagas (Snake:2)
  A warg (D:10)
  A centaur (D:13)
  A phantom (D:5)
  An ogre (D:4)
  2 bullfrogs
  4 killer bees
  A howler monkey (D:8)
  A crimson imp (D:7)
  An orc wizard (D:4)
  A gnoll (D:8)
  An adder (D:4)
  A white imp (Abyss:3)
  A worm (D:5)
  6 orcs
  A kobold (D:13)
57 creatures vanquished.

Vanquished Creatures (others)
  A hydra (Lair:3)
  4 orc high priests (Orc:2)
  A thrashing horror (Abyss:3)
  A shock serpent (Snake:3)
  A spriggan druid (Swamp:4)
  A naga ritualist (Snake:1)
  A swamp dragon (Swamp:4)
  A mana viper (Snake:1)
  A black mamba (Snake:1)
  A hellion (Abyss:3)
  An ancient zyme (Abyss:3)
  5 wargs (Orc:2)
  3 slaves (D:8)
  12 orc priests (Orc:2)
  14 orcs (Orc:2)
  9 fungi
  2 lurking horrors (Abyss:3)
  2 plants
  12 starspawn tentacles (Abyss:3)
  A withered plant (D:15)
74 creatures vanquished.

Grand Total: 1399 creatures vanquished

Notes
Turn   | Place    | Note
-------+----------+-------------------------------------------
     0 | Abyss:1  | Lochraine the Demonspawn Abyssal Knight began the quest for the Orb.
     0 | Abyss:1  | Reached XP level 1. HP: 18/18 MP: 2/2
    44 | Abyss:1  | Noticed a wretched star
    45 | D:1      | Escaped the Abyss
   148 | D:1      | Gained mutation: You are slightly more attuned to the shadows. [demonic ancestry]
   148 | D:1      | Reached XP level 2. HP: 24/24 MP: 3/3
   171 | D:1      | Reached * piety under Lugonu
   723 | D:1      | Reached XP level 3. HP: 19/29 MP: 5/5
  1614 | D:2      | Reached ** piety under Lugonu
  1651 | D:2      | Gained mutation: A weak demonic guardian rushes to your aid. [demonic ancestry]
  1651 | D:2      | Reached XP level 4. HP: 32/35 MP: 6/6
  1721 | D:2      | Found a stormy altar of Qazlal.
  1845 | D:2      | Noticed a hand axe
  1845 | D:2      | Noticed a hand axe
  1846 | D:2      | Found a hide-covered altar of Uskayaw.
  1906 | D:2      | Found an opulent altar of Gozag.
  1907 | D:2      | Found a burning altar of Makhleb.
  2129 | D:3      | Noticed Ijyb
  2153 | D:3      | Killed Ijyb
  2738 | D:3      | Noticed KristoblXynda's ghost (amateur DrGl)
  2801 | D:4      | Noticed an ogre
  2901 | D:4      | Found a staircase to the Ecumenical Temple.
  2947 | D:4      | Reached skill level 1 in Dodging
  2947 | D:4      | Reached XP level 5. HP: 37/41 MP: 8/8
  3023 | D:4      | Noticed an ice beast
  3047 | D:4      | Killed an ice beast
  3290 | D:4      | Reached XP level 6. HP: 26/47 MP: 9/9
  3661 | D:5      | Entered Level 5 of the Dungeon
  3850 | D:5      | Noticed Eustachio
  3859 | D:5      | Killed Eustachio
  3859 | D:5      | Reached skill level 5 in Polearms
  3859 | D:5      | Gained mutation: You are significantly more attuned to the shadows. [demonic ancestry]
  3859 | D:5      | Reached XP level 7. HP: 30/53 MP: 10/10
  4349 | D:5      | Reached *** piety under Lugonu
  4396 | D:5      | Found a white marble altar of Elyvilon.
  4396 | D:5      | Found a shimmering altar of Xom.
  4527 | D:5      | Found an ancient bone altar of Kikubaaqudgha.
  4684 | D:5      | Found a hazy altar of Hepliaklqana.
  4996 | D:6      | Found a basalt altar of Yredelemnul.
  5060 | D:6      | Found a bloodstained altar of Trog.
  5260 | D:6      | Found a glowing golden altar of the Shining One.
  5460 | D:7      | Reached XP level 8. HP: 50/61 MP: 11/11
  5700 | D:7      | Reached skill level 5 in Invocations
  5938 | D:7      | Got a heavily runed cloak
  5949 | D:7      | Identified the +1 cloak of Starshine {rPois} (You found it on level 7 of the Dungeon)
  5964 | D:7      | Noticed murphy's ghost (novice TrWn)
  6040 | D:8      | Noticed Pikel
  6193 | D:8      | Reached skill level 5 in Fighting
  6194 | D:8      | Noticed a hippogriff
  6207 | D:8      | Reached **** piety under Lugonu
  6224 | D:8      | Killed a hippogriff
  6224 | D:8      | Reached skill level 1 in Shields
  6249 | D:8      | Killed Pikel
  6249 | D:8      | Gained mutation: You are completely attuned to the shadows. [demonic ancestry]
  6249 | D:8      | Reached XP level 9. HP: 67/68 MP: 13/13
  6663 | D:8      | Noticed Erica
  6664 | D:8      | Banished Erica
  6664 | D:8      | Reached skill level 5 in Armour
  6774 | D:8      | Gained mutation: You can translocate small distances at will. [potion of mutation]
  6774 | D:8      | Gained mutation: Your mind is acute. (Int +2) [potion of mutation]
  6774 | D:8      | Gained mutation: You are somewhat resistant to further mutation. [potion of mutation]
  7193 | D:8      | Found a bloodstained altar of Trog.
  7198 | D:8      | Found Qulu's Antique Armour Boutique.
  7203 | D:8      | Bought a pair of ichor-stained boots for 323 gold pieces
  7208 | D:8      | Identified the cursed -4 pair of boots of Indemnity {Dex+3} (You bought it in a shop on level 8 of the Dungeon)
  7430 | D:8      | Reached skill level 5 in Dodging
  7683 | D:9      | Noticed a troll
  7711 | D:9      | Gained mutation: When seriously injured, your bleeding wounds create armour. (AC +9) [demonic ancestry]
  7711 | D:9      | Reached XP level 10. HP: 71/76 MP: 15/15
  7724 | D:9      | Got a jewelled mace
  7725 | D:9      | Identified the +8 mace of the Walnut {freeze, rElec rF+} (You found it on level 9 of the Dungeon)
  8102 | D:9      | Found a shadowy altar of Dithmenos.
  8310 | D:9      | Reached ***** piety under Lugonu
  8320 | D:9      | Noticed a centaur warrior
  8328 | D:9      | Killed a centaur warrior
  8441 | D:9      | Found Burel's Weapon Shop.
  8516 | D:10     | Entered Level 10 of the Dungeon
  8826 | D:10     | Found a staircase to the Lair.
  8889 | D:10     | Found an iron altar of Okawaru.
  9108 | D:10     | Upgraded the game from 0.20-a0-208-g55166f7 to 0.20-a0-210-gd6c29eb
  9616 | Lair:1   | Entered Level 1 of the Lair of Beasts
  9684 | Lair:1   | Reached XP level 11. HP: 84/84 MP: 17/17
 10057 | Lair:2   | Found a staircase to the Snake Pit.
 10598 | Lair:2   | Reached skill level 5 in Shields
 11517 | Lair:3   | Reached skill level 10 in Polearms
 12209 | Lair:3   | Gained mutation: You have sharp fingernails. [demonic ancestry]
 12209 | Lair:3   | Reached XP level 12. HP: 41/94 MP: 19/19
 12451 | Lair:3   | Identified a scroll of acquirement
 12546 | Lair:3   | Noticed a seven-headed hydra
 12867 | Lair:3   | Got a scorched golden ring
 13157 | Lair:3   | Banished a seven-headed hydra
 13157 | Lair:3   | Reached skill level 10 in Invocations
 13526 | Lair:4   | Reached ****** piety under Lugonu
 13526 | Lair:4   | Reached skill level 1 in Stealth
 13534 | Lair:4   | Found a staircase to the Swamp.
 13724 | Lair:4   | Identified the ring of the Tempest {rCorr Dex+7} (You found it on level 3 of the Lair of Beasts)
 14208 | Lair:5   | Noticed KristoblXynda's ghost (journeyman MiHu)
 14248 | Lair:5   | Killed KristoblXynda's ghost
 14529 | Lair:5   | Found a staircase to the Slime Pits.
 14934 | Lair:5   | Noticed a four-headed hydra
 14938 | Lair:5   | Killed a four-headed hydra
 15318 | Lair:6   | Entered Level 6 of the Lair of Beasts
 15407 | Lair:6   | Noticed a death yak
 15407 | Lair:6   | Noticed a death yak
 15407 | Lair:6   | Noticed a five-headed hydra
 15455 | Lair:6   | Noticed a death yak
 15668 | Lair:6   | Gained mutation: When seriously injured, your bleeding wounds create thick armour. (AC +9) [demonic ancestry]
 15668 | Lair:6   | Reached XP level 13. HP: 90/101 MP: 20/20
 16180 | Lair:6   | Reached skill level 5 in Stealth
 16200 | Lair:6   | Reached skill level 10 in Fighting
 16893 | Lair:6   | Reached skill level 1 in Evocations
 17100 | Lair:6   | Got a shimmering bone ring
 17226 | Lair:6   | Identified the ring of Panentheism {Ice Str+2 Dex-4 Stlth+} (You found it on level 6 of the Lair of Beasts)
 17977 | D:11     | Noticed Harold
 17985 | D:11     | Killed Harold
 18230 | D:11     | Reached XP level 14. HP: 61/111 MP: 21/21
 18815 | D:12     | Found a staircase to the Orcish Mines.
 18895 | Orc:1    | Entered Level 1 of the Orcish Mines
 18905 | Orc:1    | Noticed Gastronok
 18916 | Orc:1    | Killed Gastronok
 20213 | D:14     | Noticed an ironheart preserver
 20247 | D:14     | Killed an ironheart preserver
 20382 | D:14     | Found a gate to the Vaults.
 20671 | D:14     | Reached skill level 5 in Evocations
 20678 | D:14     | Found a shattered altar of Ashenzari.
 20904 | D:15     | Entered Level 15 of the Dungeon
 20978 | D:15     | Found a staircase to the Depths.
 21114 | D:15     | Noticed Roxanne
 21325 | D:15     | Noticed a ghost moth
 21334 | D:15     | Killed a ghost moth
 21451 | D:15     | Gained mutation: You have very sharp fingernails. [demonic ancestry]
 21451 | D:15     | Reached XP level 15. HP: 120/120 MP: 22/22
 21563 | D:15     | Noticed Kirke
 21590 | D:15     | Killed Kirke
 22032 | Orc:1    | Found a roughly hewn altar of Beogh.
 22254 | Orc:2    | Entered Level 2 of the Orcish Mines
 22487 | Orc:2    | Found a staircase to the Elven Halls.
 22756 | Orc:2    | Found Vaim's Weapon Shop.
 22784 | Orc:2    | Corrupted Orc:2
 22845 | Orc:2    | Noticed a tentacled starspawn
 22846 | Orc:2    | Found Imolegi's General Store.
 22847 | Orc:2    | Noticed a tentacled starspawn
 23010 | Orc:2    | Found a roughly hewn altar of Beogh.
 23253 | Orc:2    | Noticed Nessos
 23282 | Orc:2    | Killed Nessos
 23282 | Orc:2    | Reached skill level 10 in Shields
 23392 | Orc:2    | Found Toecs's Armour Emporium.
 23400 | Orc:2    | Found Duezal's Distillery.
 23405 | Orc:2    | Bought a potion of heal wounds for 80 gold pieces
 23405 | Orc:2    | Bought 2 potions of curing for 96 gold pieces
 23405 | Orc:2    | Bought a potion of heal wounds for 80 gold pieces
 23405 | Orc:2    | Bought a potion of curing for 48 gold pieces
 23405 | Orc:2    | Bought a potion of curing for 48 gold pieces
 23405 | Orc:2    | Bought a potion of heal wounds for 80 gold pieces
 23405 | Orc:2    | Bought a potion of lignification for 48 gold pieces
 23663 | Swamp:1  | Entered Level 1 of the Swamp
 25433 | Swamp:3  | Noticed Aizul
 25454 | Swamp:3  | Killed Aizul
 25854 | Swamp:3  | Got a pitted ring mail
 25865 | Swamp:3  | Identified the +3 ring mail of Springtime {rElec rN+ Int+4} (You found it on level 3 of the Swamp)
 26118 | Swamp:4  | Entered Level 4 of the Swamp
 26382 | Swamp:4  | Noticed a tentacled monstrosity
 26398 | Swamp:4  | Killed a tentacled monstrosity
 26937 | Swamp:4  | Reached XP level 16. HP: 128/129 MP: 24/24
 27087 | Swamp:4  | Noticed a thorn hunter
 27098 | Swamp:4  | Killed a thorn hunter
 27114 | Swamp:4  | Got a decaying rune of Zot
 27438 | Snake:1  | Entered Level 1 of the Snake Pit
 27787 | Snake:1  | Noticed Nikola
 27819 | Snake:1  | Killed Nikola
 28479 | Snake:2  | You fall through a shaft!
 28664 | Snake:3  | Noticed Bai Suzhen
 28685 | Snake:3  | Banished Bai Suzhen
 29034 | Snake:2  | Reached skill level 15 in Shields
 29732 | Snake:2  | Reached XP level 17. HP: 94/135 MP: 25/25
 30886 | Snake:3  | Reached skill level 10 in Dodging
 31238 | Snake:4  | Entered Level 4 of the Snake Pit
 32403 | Snake:4  | Reached XP level 18. HP: 88/143 MP: 26/26
 33062 | Snake:4  | Got a serpentine rune of Zot
 33460 | Elf:1    | Entered Level 1 of the Elven Halls
 33649 | Elf:1    | Reached skill level 15 in Fighting
 34227 | Elf:1    | Found Nylaq's Weapon Emporium.
 34323 | Elf:1    | Bought the +7 hand crossbow "Haedghos" {flame, Str+2} for 630 gold pieces
 34337 | Elf:1    | Found a radiant altar of Vehumet.
 34372 | Elf:1    | Reached skill level 1 in Crossbows
 34982 | Elf:2    | Reached skill level 5 in Crossbows
 35201 | Elf:2    | Got a dazzling shield
 35212 | Elf:2    | Identified the +2 shield of the Orb Guardian {rPois rN++ MR-} (You acquired it on level 2 of the Elven Halls)
 35391 | Elf:2    | Found a runed gate.
 35391 | Elf:2    | Found a runed gate.
 35391 | Elf:2    | Found a runed gate.
 35722 | Elf:2    | Noticed Jorgrun
 35750 | Elf:2    | Killed Jorgrun
 35791 | Elf:2    | Gained mutation: You have claws for hands. [demonic ancestry]
 35791 | Elf:2    | Reached XP level 19. HP: 83/155 MP: 27/27
 36472 | Elf:2    | Noticed Azrael
 36485 | Elf:2    | Killed Azrael
 36485 | Elf:2    | Cast into level 3 of the Abyss (long sword of distortion)
 36767 | Abyss:3  | Reached skill level 10 in Crossbows
 36855 | Abyss:3  | Found a corrupted altar of Lugonu.
 37114 | Abyss:3  | Paralysed by a great orb of eyes for 3 turns
 37347 | Abyss:3  | Noticed an ancient lich
 37598 | Abyss:3  | Paralysed by accursed screaming for 1 turns
 38198 | Abyss:3  | Got a pair of ancient boots
 38289 | Abyss:3  | Found a corrupted altar of Lugonu.
 38685 | Abyss:3  | Identified the +4 pair of boots of Honour {Str+4 Dex+3} (You found it on level 3 of the Abyss)
 38947 | Abyss:3  | Noticed a hellephant
 39042 | Abyss:3  | Noticed a hellephant
 39050 | Abyss:3  | Found a corrupted altar of Lugonu.
 39119 | Elf:2    | Escaped the Abyss
 39119 | Elf:2    | HP: 3/157 [long sword of distortion (5)]
 39119 | Elf:2    | Slain by a fire elemental

Vault maps used:
D:1:      dpeg_arrival_central, minmay_pentomino_z2
D:2:      nicolae_qazlal_eye_of_the_storm, gammafunk_temple_overflow_pools,
          dancing_weapons_uskayaw
D:3:      first_bread, uniq_iyjb
D:4:      serial_park_tiny_2
D:5:      kennysheep_mini, lemuel_coloured_pillars_altar,
          gammafunk_temple_overflow_wave, small_statue_alley_b, uniq_eustachio
D:6:      lemuel_doored_altar, nicolae_tso_carved_into_rock, basic_altar
D:8:      bloody_trog, serial_shops, shop, uniq_erica, uniq_pikel
D:9:      kennysheep_mini_moat, serial_shops, shop_fountains
D:10:     erik_lair_orcish_takeover, basic_altar
D:11:     uniq_harold
D:12:     hiddenorc2_lemuel, david_nohive_1
D:14:     lightli_vaults_fourway_checkpoint, evilmike_ruin_ashenzari
D:15:     gammafunk_depths_entry_grave, kennysheep_crisscross, uniq_roxanne,
          uniq_kirke
Lair:1:   serial_bayou_pond_a
Lair:2:   dummy_snake_entry, serial_bayou_ford_a, lemuel_fruit_tree
Lair:3:   regret_index_tunnel_blossom, infiniplex_staircase_pool
Lair:4:   swamp_mist_pool
Lair:5:   minmay_slime_entry_oklob_open
Lair:6:   grunt_lair_end_beastmaster, grunt_megastairs_5, serial_bayou_shore_a
Swamp:1:  evilmike_swamp_ruin_rubble_2, swamp_pool4,
          nicolae_swamp_trees_clearing
Swamp:2:  serial_swamp_ruin, evilmike_swamp_ruin_house_1,
          evilmike_swamp_ruin_wall, evilmike_swamp_ruin_house_2
Swamp:3:  nicolae_swamp_fairy_circle, swamp_pool2, infiniplex_staircase_pool_2,
          uniq_aizul
Swamp:4:  swamp_alternative
Snake:1:  uniq_nikola
Snake:2:  nicolae_cobra_stairs
Snake:3:  uniq_bai_suzhen
Snake:4:  minmay_snake_end_coiled, grunt_megastairs_2
Orc:1:    mines1_david, uniq_gastronok
Orc:2:    st_orc_town, uniq_nessos
Elf:1:    eino_elf_arrival_shootout, serial_shops, nicolae_shop_behind_doors,
          basic_altar, orc_legates
Elf:2:    uniq_azrael, uniq_jorgrun
Abyss:1:  evilmike_abyss_exit_chaos
Abyss:3:  evilmike_abyss_rune_siren_acolytes, due_exit_kobolds

Skill      XL: |  1  2  3  4  5  6  7  8  9 10 11 12 13 14 15 16 17 18 19 |
---------------+----------------------------------------------------------+-----
Polearms       | 2 3 4 5 6 7 8 9 10 11 13 14 | 14.3
Invocations    | 3 4 6 7 8 9 10 11 12 | 12.8
Dodging        | 1 2 3 4 5 6 7 12 14 | 14.0
Armour         | 2 3 4 5 6 7 8 9 |  9.5
Fighting       | 4 5 6 7 8 9 10 11 12 13 15 | 15.7
Shields        | 1 3 4 5 6 8 9 12 15 | 15.1
Stealth        | 3 6 |  6.0
Evocations     | 2 6 |  6.3
Crossbows      | 8 10 | 10.0

Action                   |  1- 3 |  4- 6 |  7- 9 | 10-12 | 13-15 | 16-18 | 19-21 || total
-------------------------+-------+-------+-------+-------+-------+-------+-------++-------
Melee: Spear             |   148 |    36 |       |       |       |       |       ||   184
       Dagger            |    10 |       |       |       |       |       |       ||    10
       Trident           |       |   118 |   440 |   916 |       |       |       ||  1474
       Demon trident     |       |       |       |   350 |  1746 |  2167 |  1084 ||  5347
Invok: Depart the Abyss  |     1 |       |       |       |       |       |     1 ||     2
       Bend Space        |       |       |     1 |     1 |     2 |     1 |     4 ||     9
       Banish            |       |       |     1 |     1 |     3 |     4 |       ||     9
       Corrupt           |       |       |       |       |     1 |       |       ||     1
 Abil: Blink             |       |       |       |     2 |       |       |     1 ||     3
       Evoke Flight      |       |       |       |       |       |     1 |     1 ||     2
Evoke: Wand              |       |     6 |     9 |     5 |    17 |    10 |    10 ||    57
       Box of beasts     |       |       |       |       |     1 |     1 |       ||     2
  Use: Potion            |     2 |       |     9 |     7 |     1 |     4 |    13 ||    36
       Scroll            |       |     4 |     5 |    20 |    16 |     5 |     6 ||    56
 Stab: Sleeping          |    10 |     5 |       |    17 |    79 |    48 |     5 ||   164
       Distracted        |     1 |       |     3 |     8 |    29 |    32 |    12 ||    85
       Petrified         |       |       |       |       |     9 |       |       ||     9
       Petrifying        |       |       |       |       |     4 |       |       ||     4
       Invisible         |       |       |       |       |       |     3 |       ||     3
  Eat: Chunk             |     3 |     3 |     9 |    22 |    33 |    17 |     6 ||    93
       Royal jelly       |       |     1 |     1 |       |       |     1 |     2 ||     5
       Fruit             |       |     1 |     1 |       |       |       |     1 ||     3
       Meat ration       |       |     1 |       |     1 |       |       |       ||     2
       Beef jerky        |       |       |       |     2 |     3 |       |       ||     5
       Pizza             |       |       |       |       |     2 |     8 |       ||    10
Armor: Leather armour    |    21 |       |       |    13 |    81 |       |       ||   115
       Ring mail         |    19 |    38 |     6 |       |    97 |   308 |   125 ||   593
       Plate armour      |       |       |    33 |       |       |       |       ||    33
       Chain mail        |       |       |   188 |   435 |       |       |       ||   623
       Troll leather arm |       |       |       |       |   159 |       |       ||   159
Dodge: Dodged            |    44 |    30 |   150 |   202 |   424 |   502 |   343 ||  1695
Block: Large shield      |    37 |    68 |    17 |   770 |   748 |       |       ||  1640
       Buckler           |       |       |    61 |    23 |       |       |       ||    84
       Shield            |       |       |       |       |   185 |   884 |   419 ||  1488
